 Dungeon Crawl Stone Soup version 0.21-a0-531-gacddea6 (webtiles) character file.

42 Amnesiac the Digger (level 3, 0/22 HPs)
             Began as a Deep Elf Earth Elementalist on Dec 13, 2017.
             Slain by Sigmund
             ... wielding a +0 scythe of venom
              (13 damage)
             ... on level 2 of the Dungeon.
             The game lasted 00:01:32 (1347 turns).

Amnesiac the Digger (Deep Elf Earth Elementalist)   Turns: 1347, Time: 00:01:33

Health: 0/22       AC:  2    Str:  5    XL:     3   Next: 33%
Magic:  1/9        EV: 13    Int: 20    God:
Gold:   85         SH:  0    Dex: 15    Spells: 7/8 levels left

rFire    . . .     SeeInvis .   q - +1 whip (elec)
rCold    . . .     Gourm    .   (no shield)
rNeg     + . .     Faith    .   c - +0 robe
rPois    .         Spirit   .   (no helmet)
rElec    .         Reflect  .   (no cloak)
rCorr    .         Harm     .   (no gloves)
MR       .....                  (no boots)
Stlth    ++........             (no amulet)
HPRegen  0.07/turn              k - ring of positive energy
MPRegen  0.11/turn              (no ring)

@: lethally poisoned (0 -> -14), very slightly contaminated
A: no striking features
a: no special abilities


You were on level 2 of the Dungeon.
You were not hungry.

You visited 1 branch of the dungeon, and saw 2 of its levels.

You collected 85 gold pieces.

Inventory:

Hand Weapons
 q - a +1 whip of electrocution (weapon)
Missiles
 a - 24 poisoned needles
 b - 7 stones (quivered)
Armour
 c - a +0 robe (worn)
Jewellery
 k - a ring of positive energy (left hand)
Scrolls
 h - 4 scrolls of identify {!r, unknown}
 m - a scroll of immolation {!r, unknown}
 p - a scroll of remove curse {!r, unknown}
Potions
 g - 2 potions of heal wounds {!q, unknown}
 i - a potion of degeneration {!q, unknown}
 j - 3 potions of curing {!q, unknown}
 n - a potion of brilliance {!q, unknown}
Books
 e - a book of Geomancy

   Spells                             Type                      Level
   a - Sandblast                      Earth                        1
   b - Passwall                       Transmutation/Earth          2
   c - Stone Arrow                    Conjuration/Earth            3
   d - Petrify                        Transmutation/Earth          4
   e - Lee's Rapid Deconstruction     Earth                        5
Comestibles
 d - 2 bread rations
 f - a meat ration
 l - 3 fruits
 o - a royal jelly
 r - a chunk of flesh


   Skills:
 * Level 2.4 Fighting
 + Level 2.4 Dodging
 - Level 2.4 Stealth
 - Level 3.0 Spellcasting
   Level 1.1 Transmutations
 - Level 3.2 Earth Magic


You had 7 spell levels left.
You knew the following spells:

 Your Spells              Type           Power        Failure   Level  Hunger
a - Sandblast             Erth           ###...       3%          1    None


Dungeon Overview and Level Annotations

Branches:
Dungeon (2/15)

Altars:

Annotations:
D:2 Sigmund


Message History

b - 13 stones
Casting: Sandblast
Confirm with . or Enter, or press ? or * to list all spells.
Aiming: Sandblast
Press: ? - help, Shift-Dir - straight line, f/p - Sigmund
Aim: Sigmund, wielding a scythe of venom and wearing a glowing robe The blast of sand misses Sigmund.
b - 12 stones Sigmund barely misses you.
Casting: Sandblast
Confirm with . or Enter, or press ? or * to list all spells.
Aiming: Sandblast
Press: ? - help, Shift-Dir - straight line, f/p - Sigmund
Aim: Sigmund, wielding a scythe of venom and wearing a glowing robe The blast of sand hits Sigmund.
Sigmund is moderately wounded.
b - 11 stones
Casting: Sandblast
Confirm with . or Enter, or press ? or * to list all spells.
Aiming: Sandblast
Press: ? - help, Shift-Dir - straight line, f/p - Sigmund
Aim: Sigmund, wielding a scythe of venom and wearing a glowing robe (moderately wounded)
The blast of sand hits Sigmund.
Sigmund is severely wounded.
b - 10 stones Sigmund closely misses you.
Casting: Sandblast
Confirm with . or Enter, or press ? or * to list all spells.
Aiming: Sandblast
Press: ? - help, Shift-Dir - straight line, f/p - Sigmund
Aim: Sigmund, wielding a scythe of venom and wearing a glowing robe (severely wounded)
The blast of sand hits Sigmund.
Sigmund is severely wounded.
b - 9 stones Sigmund closely misses you.
Casting: Sandblast
Confirm with . or Enter, or press ? or * to list all spells.
Aiming: Sandblast
Press: ? - help, Shift-Dir - straight line, f/p - Sigmund
Aim: Sigmund, wielding a scythe of venom and wearing a glowing robe (severely wounded)
The blast of sand hits Sigmund.
Sigmund is severely wounded.
b - 8 stones
Casting: Sandblast
Confirm with . or Enter, or press ? or * to list all spells.
Aiming: Sandblast
Press: ? - help, Shift-Dir - straight line, f/p - Sigmund
Aim: Sigmund, wielding a scythe of venom and wearing a glowing robe (severely wounded)
The blast of sand hits Sigmund.
Sigmund is almost dead.
b - 7 stones Sigmund hits you from afar with a scythe of venom!
You are lethally poisoned!
Casting: Sandblast
Confirm with . or Enter, or press ? or * to list all spells.
Aiming: Sandblast
Press: ? - help, Shift-Dir - straight line, f/p - Sigmund
Aim: Sigmund, wielding a scythe of venom and wearing a glowing robe (almost dead)
You miscast Sandblast.
You are very lightly contaminated with residual magic.
Nothing appears to happen.
You feel sick.
Sigmund hits you from afar with a scythe of venom!
Ouch! That really hurt!
You die...

#.... .... #... #..
#.. #.######### #.#
#.#.......# #.#
#.#.......# #.#
#.#.@.....# #.#
#.#.......# #####.#
#.#.@.....#
#.....####.#.......#
#.##.....#.........#
#.##.#....##.#######
#)##...#.....# #.
#{###......##### .
#.#............. #


You could see Sigmund.

Vanquished Creatures
  An adder (D:2)
  2 dart slugs (D:1)
  A leopard gecko (D:1)
  A giant cockroach (D:2)
  4 goblins
  4 hobgoblins
  2 ball pythons
  4 bats (D:1)
  5 frilled lizards
  4 kobolds
  2 rats (D:2)
30 creatures vanquished.

Notes
Turn   | Place    | Note
-------+----------+-------------------------------------------
     0 | D:1      | Amnesiac the Deep Elf Earth Elementalist began the quest for the Orb.
     0 | D:1      | Reached XP level 1. HP: 10/10 MP: 6/6
   109 | D:1      | Reached skill level 1 in Fighting
   214 | D:1      | Reached XP level 2. HP: 8/16 MP: 4/8
   910 | D:2      | Reached XP level 3. HP: 19/22 MP: 4/9
   990 | D:2      | Noticed Sigmund
  1347 | D:2      | Slain by Sigmund

Vault maps used:
D:1:      dpeg_arrival_leaves_temple_mockup
D:2:      uniq_sigmund

Skill      XL: |  1  2 |
---------------+-------+-----
Fighting       | 1 2 |  2.4
Dodging        | |  2.4
Stealth        | |  2.4
Spellcasting   | |  3.0
Transmutations | |  1.1
Earth Magic    | |  3.2

Action                   || total
-------------------------++-------
Melee: Unarmed           ||     5
       Whip              ||     2
 Cast: Sandblast         ||    51
  Eat: Chunk             ||     1
Armor: Robe              ||     4
Dodge: Dodged            ||    16

Table legend:
 A = Spawn XP
 B = Non-spawn XP
 C = Spawn XP percentage of total XP
 D = Spawn monster count
 E = Non-spawn monster count
 F = Spawn count percentage of total count
 G = Total turns spent on level
                    A         B        C        D         E        F      G
               +---------+---------+-------+---------+---------+-------+---------
         Total |       0 |      60 |   0.0 |       0 |      30 |   0.0 |  1347
               +---------+---------+-------+---------+---------+-------+---------
           D:1 |       0 |      27 |   0.0 |       0 |      14 |   0.0 |   980
           D:2 |       0 |      33 |   0.0 |       0 |      16 |   0.0 |   367
               +---------+---------+-------+---------+---------+-------+---------
